 Dungeon Crawl Stone Soup version 0.30-a0-1124-g6e8f0f562f (webtiles) character file.

Game seed: 8385233237148890257

6225 CrazyBamboolord the Zephyrmancer (level 10, 0/50 HPs)
             Began as a Tengu Air Elementalist on Apr 23, 2023.
             Was a Believer of Vehumet.
             Slain by a troll (5 damage)
             ... on level 10 of the Dungeon.
             The game lasted 00:24:53 (10740 turns).

CrazyBamboolord the Zephyrmancer (TeAE)            Turns: 10740, Time: 00:24:54

Health: 0/50       AC:  6    Str:  9    XL:     10   Next: 92%
Magic:  10/24      EV: 16    Int: 20    God:    Vehumet [**....]
Gold:   78         SH:  0    Dex: 14    Spells: 17/27 levels left

rFire   + . .        i - +4 dagger (speed)
rCold   . . .        (no shield)
rNeg    + . .        F - +3 leather armour "Fil Fadu" {rPois}
rPois   +            (helmet restricted)
rElec   .            (no cloak)
rCorr   .            (no gloves)
SInv    .            (boots unavailable)
Will    .....        (no amulet)
Stlth   ++           o - ring of positive energy
HPRegen 0.28/turn    w - ring of protection from fire
MPRegen 0.19/turn

%: no passive effects
@: flying quickly and evasively, quick
A: beak, talons 3, nimble flight
a: Renounce Religion


You were on level 10 of the Dungeon.
You worshipped Vehumet.
Vehumet was pleased with you.
You visited 2 branches of the dungeon, and saw 11 of its levels.

You collected 620 gold pieces.
You spent 542 gold pieces at shops.

Inventory:

Hand Weapons
 i - a +4 dagger of speed (weapon)
Armour
 F - the +3 leather armour "Fil Fadu" (worn) {rPois}
   (You bought it in a shop on level 10 of the Dungeon)

   rPois:     It protects you from poison.
 G - +0 steam dragon scales
Jewellery
 o - a ring of positive energy (left hand)
 w - a ring of protection from fire (right hand)
Wands
 k - a wand of iceblast (9)
 p - a wand of paralysis (9)
Scrolls
 d - 2 scrolls of poison
 h - a scroll of torment
 j - a scroll of immolation
 q - 2 scrolls of fear
 s - a scroll of blinking
 u - 2 scrolls of magic mapping
 v - 2 scrolls of teleportation {unknown}
 y - 3 scrolls of enchant armour
 A - 2 scrolls of fog {unknown}
 B - 2 scrolls of vulnerability {unknown}
 C - a scroll of butterflies {unknown}
Potions
 a - a potion of brilliance
 b - 2 potions of magic
 c - 2 potions of might
 e - 5 potions of curing
 f - a potion of flight
 g - 4 potions of attraction
 l - 3 potions of degeneration
 m - 2 potions of ambrosia {unknown}
 n - 3 potions of heal wounds {unknown}
 r - a potion of invisibility {unknown}
 t - a potion of haste {unknown}
 x - 2 potions of lignification
 z - a potion of mutation
 D - 4 potions of cancellation {unknown}


   Skills:
 + Level 0.3 Fighting
 * Level 6.1 Dodging
 + Level 3.4 Stealth
 * Level 9.4 Spellcasting
 * Level 8.2 Conjurations
 * Level 12.8 Air Magic


You had 17 spell levels left.
You knew the following spells:

 Your Spells              Type           Power      Damage    Failure   Level
a - Shock                 Conj/Air       100%       1d9       1%          1
b - Static Discharge      Conj/Air       100%       2-7/arc   1%          2
c - Swiftness             Air            57%        N/A       1%          3
d - Airstrike             Air            28%        2d(5-21)  1%          4

Your spell library contained the following spells:

 Spells                   Type           Power      Damage    Failure   Level
 Momentum Strike          Conj/Tloc      50%        3d9       3%          2
 Beastly Appendage        Tmut           18%        N/A       11%         1
 Lesser Beckoning         Tloc           18%        N/A       16%         2
 Wereblood                Tmut           9%         N/A       16%         2
 Gell's Gravitas          Tloc           9%         N/A       30%         3
 Spider Form              Tmut/Pois      9%         N/A       30%         3
 Teleport Other           Tloc           9%         N/A       30%         3
 Animate Dead             Necr           9%         N/A       71%         4
 Dispersal                Tloc           4%         N/A       100%        6
 Haunt                    Necr/Summ      4%         N/A       100%        7
 Infestation              Necr           4%         N/A       100%        8


Dungeon Overview and Level Annotations

Branches:
Dungeon (10/15)            Temple (1/1) D:5             Orc (0/2) D:10
   Lair: D:8-11

Altars:
Ashenzari
Cheibriados
Dithmenos
Elyvilon
Fedhas
Gozag
Hepliaklqana
Kikubaaqudgha
Makhleb
Nemelex Xobeh
Qazlal
Ru
Sif Muna
Trog
Uskayaw
Vehumet
Wu Jian
Xom
Yredelemnul
Zin
The Shining One

Shops:
D:5 !   D:10 ([

Annotations:
D:9 3 runed translucent doors, 112233's ghost, novice DsCj; Beaer's ghost, novice VSBr


Innate Abilities, Weirdness & Mutations

You have a beak for a mouth.
You have claws for feet.
Your magical nature lets you fly swiftly and evasively.


Message History

You kill the ice beast!
Vehumet accepts your kill.
The troll is struck by an arc of lightning!
The troll is heavily wounded.
The lightning grounds out.
The polar bear bites you. The polar bear barely misses you.
The polar bear claws you.
Casting: Static Discharge (safe; 1% risk of failure)
Confirm with . or Enter, or press ? or * to list all spells.
The polar bear is struck by an arc of lightning!
The polar bear is severely wounded.
The troll is struck by an arc of lightning.
The troll is heavily wounded.
You are struck by an arc of lightning.
The polar bear is struck by an arc of lightning.
The polar bear is severely wounded.
The troll is struck by an arc of lightning.
The troll is severely wounded.
The lightning grounds out.
The troll is struck by an arc of lightning.
The troll is severely wounded.
The polar bear is struck by an arc of lightning!
The polar bear is almost dead.
The lightning grounds out.
The troll bites you! The troll barely misses you. x2
The polar bear goes berserk!
Unknown command.
Casting: Static Discharge (safe; 1% risk of failure)
Confirm with . or Enter, or press ? or * to list all spells.
The polar bear is struck by an arc of lightning.
The polar bear is almost dead.
The troll is struck by an arc of lightning.
The troll is severely wounded.
You are struck by an arc of lightning.
The lightning grounds out.
The polar bear bites you.
The polar bear claws you but does no damage.
The polar bear claws you.
* * * LOW HITPOINT WARNING * * *
The troll bites you!
* * * LOW HITPOINT WARNING * * *
The troll claws you.
You die...

......###.########.##...#
##.....+............##...#
#.....##.......### #...#
#########......# #...#
#.....<...# #...#
#........#### #...#
#......#....####...#
#......####...##...#
#..h@..# #....#...#
#..T..[# #....#...#
#.)....# #........#
#.......# #....#.###
#..####### #....#..# #.#
#######.## .). #..# .#
##.# #.##


You could see a polar bear (berserk) and a troll.

Vanquished Creatures
  A two-headed ogre (D:10)
  A komodo dragon (D:10)
  2 trolls (D:10)
  A hornet (D:8)
  Sigmund (D:3)
  A vampire (D:9)
  2 steam dragons
  4 yaks
  2 water moccasins (D:7)
  A black bear (D:5)
  A sky beast (D:7)
  3 ice beasts
  5 orc warriors
  2 ogres
  3 centaurs
  A kobold brigand (D:9)
  A phantom (D:5)
  A bullfrog (D:8)
  A gnoll sergeant (D:8)
  A wyvern zombie (D:6)
  3 scorpions
  13 killer bees
  2 bullfrog zombies (D:6)
  A gnoll bouda (D:5)
  5 orc priests
  3 iguanas
  13 orc wizards
  2 killer bee zombies (D:6)
  11 gnolls
  10 adders
  3 white imps
  A dart slug (D:4)
  31 orcs
  7 ball pythons
  A bat (D:3)
  An endoplasm (D:2)
  A giant cockroach (D:4)
  6 goblins
  5 hobgoblins
  16 kobolds
  10 quokkas
  2 frilled lizards (D:3)
  7 rats
189 creatures vanquished.

Vanquished Creatures (others)
  15 plants (D:3)
  4 toadstools (D:1)
  2 withered plants
21 creatures vanquished.

Grand Total: 210 creatures vanquished

Notes
Turn   | Place    | Note
-------+----------+-------------------------------------------
     0 | D:1      | CrazyBamboolord the Tengu Air Elementalist began the quest
                  | for the Orb.
     0 | D:1      | Reached XP level 1. HP: 10/10 MP: 4/4
   245 | D:1      | Reached XP level 2. HP: 15/15 MP: 0/6
   659 | D:1      | Learned a level 2 spell: Static Discharge
   851 | D:2      | Reached XP level 3. HP: 9/19 MP: 0/7
   953 | D:2      | Learned a level 3 spell: Swiftness
   974 | D:2      | Reached skill level 5 in Air Magic
  1559 | D:2      | Found a faded altar of an unknown god.
  1676 | D:2      | Found a shimmering altar of Xom.
  1758 | D:2      | Reached XP level 4. HP: 24/24 MP: 2/8
  2085 | D:3      | Noticed Sigmund
  2091 | D:3      | Killed Sigmund
  2092 | D:3      | Reached skill level 6 in Air Magic
  2092 | D:3      | Gained mutation: Your magical nature lets you fly swiftly
                  | and evasively. [Tengu growth]
  2092 | D:3      | Reached XP level 5. HP: 13/28 MP: 4/11
  2092 | D:3      | Reached XP level 6. HP: 14/32 MP: 4/12
  2316 | D:3      | Found a stormy altar of Qazlal.
  2668 | D:3      | Found a glowing golden altar of the Shining One.
  2882 | D:3      | Found a snail-covered altar of Cheibriados.
  2887 | D:3      | Found a bloodstained altar of Trog.
  3504 | D:4      | Reached XP level 7. HP: 36/36 MP: 8/14
  3866 | D:4      | Learned a level 4 spell: Airstrike
  4078 | D:5      | Entered Level 5 of the Dungeon
  4078 | D:5      | Found Teow's Distillery.
  4082 | D:5      | Bought a potion of mutation for 96 gold pieces
  4082 | D:5      | Bought a potion of curing for 36 gold pieces
  4082 | D:5      | Bought a potion of lignification for 36 gold pieces
  4082 | D:5      | Bought a potion of curing for 36 gold pieces
  4549 | D:5      | Reached skill level 5 in Conjurations
  4549 | D:5      | Reached skill level 7 in Air Magic
  4841 | D:5      | Identified the +9 battleaxe of Ymmink {pain, rF+ Will+
                  | Int-4}
  4895 | D:5      | Reached skill level 5 in Spellcasting
  4896 | D:5      | Reached XP level 8. HP: 12/41 MP: 10/16
  5022 | D:5      | Found a staircase to the Ecumenical Temple.
  5032 | Temple   | Entered the Ecumenical Temple
  5052 | Temple   | Became a worshipper of Vehumet
  5998 | D:6      | Reached skill level 8 in Air Magic
  6880 | D:7      | Reached skill level 9 in Air Magic
  6989 | D:6      | Reached XP level 9. HP: 37/45 MP: 10/19
  7826 | D:8      | Reached skill level 10 in Air Magic
  7827 | D:8      | Reached * piety under Vehumet
  7827 | D:8      | Offered knowledge of Foxfire by Vehumet.
  8584 | D:8      | Reached skill level 5 in Dodging
  8893 | D:9      | Found a basalt altar of Yredelemnul.
  8898 | D:9      | Noticed a hornet
  8910 | D:8      | Killed a hornet
  8911 | D:8      | Reached skill level 11 in Air Magic
  8911 | D:8      | Reached XP level 10. HP: 45/50 MP: 1/22
  9426 | D:9      | Reached ** piety under Vehumet
  9439 | D:9      | Offered knowledge of Searing Ray by Vehumet.
  9867 | D:9      | Found a runed translucent gate.
  9868 | D:9      | Found a runed translucent gate.
  9868 | D:9      | Found a runed translucent gate.
  9869 | D:9      | Noticed Beaer's ghost (novice VSBr)
  9869 | D:9      | Noticed 112233's ghost (novice DsCj)
  9919 | D:10     | Entered Level 10 of the Dungeon
 10103 | D:10     | Found Agisach's Weapon Boutique.
 10107 | D:10     | Found a staircase to the Orcish Mines.
 10107 | D:10     | Found Siethraext's Armour Boutique.
 10116 | D:10     | Reached skill level 12 in Air Magic
 10289 | D:10     | Bought the +3 leather armour "Fil Fadu" {rPois} for 338
                  | gold pieces
 10316 | D:10     | Noticed a two-headed ogre
 10365 | D:10     | Killed a two-headed ogre
 10729 | D:10     | Offered knowledge of Momentum Strike by Vehumet.
 10740 | D:10     | Slain by a troll

Illustrated notes

Levels and vault maps discovered:
D:1:      ldierk_walled_garden_2, layout_basic
D:2:      minmay_skewed_foursquare, layout_basic,
          hellmonk_ecumenical_altar_heavens_door, basic_altar
D:3:      wad_woods_stonehenge, layout_basic,
          mainiacjoe_overflow_six_doors_small, minitemple, uniq_sigmund
D:4:      layout_rooms
D:5:      layout_basic, minmay_temple_entry_hall,
          chequers_serial_rivers_micro_c, nicolae_stop_n_shop_2
D:6:      layout_layer_cave, serial_undead, serial_undead_f, serial_undead_b,
          serial_undead_e, serial_undead_e
D:7:      layout_rooms
D:8:      layout_cave_pools, hangedman_decor_riveting
D:9:      layout_rooms, yredelemnul_altar_generic, gammafunk_ghost_cemetery
D:10:     layout_basic, kennysheep_little_box, hellmonk_lair_entry_icy,
          orc_david_3
Temple:   minmay_temple_bridge_d

Skill      XL: |  1  2  3  4  5  6  7  8  9 10 |
---------------+-------------------------------+-----
Air Magic      | 5 6 7 9 11 12 | 12.8
Conjurations   | 2 3 4 5 6 7 8 |  8.2
Dodging        | 3 4 5 6 |  6.1
Spellcasting   | 3 4 5 6 7 9 |  9.4
Stealth        | 3 |  3.4
Fighting       | |  0.3

Action                     |  1- 3 |  4- 6 |  7- 9 | 10-12 || total
---------------------------+-------+-------+-------+-------++-------
  Melee: Unarmed           |     7 |       |       |       ||     7
         Dagger            |    11 |     3 |    13 |     8 ||    35
         Kick              |     3 |     1 |     5 |     5 ||    14
         Peck              |       |     1 |     2 |     3 ||     6
   Cast: Shock             |    66 |    76 |   167 |    64 ||   373
         Static Discharge  |       |     4 |    28 |    23 ||    55
         Airstrike         |       |       |    28 |    21 ||    49
         Swiftness         |       |       |       |     1 ||     1
    Use: Potion            |     2 |     1 |     1 |       ||     4
         Scroll            |       |     4 |     8 |     3 ||    15
   Stab: Sleeping          |       |     1 |       |     1 ||     2
 Armour: Robe              |     6 |     1 |     6 |       ||    13
         Steam dragon scal |       |       |     1 |     7 ||     8
         Leather armour    |       |       |       |     2 ||     2
  Dodge: Dodged            |    19 |    16 |    96 |    38 ||   169

Table legend: (Time is in decaauts)
 A = Elapsed time spent in this place.
 B = Non-inter-level travel time spent in this place.
 C = Inter-level travel time spent in this place.
 D = Time resting spent in this place.
 E = Time spent auto-exploring this place.
 F = Levels seen in this place.
 G = Mean time per level.
                   A        B        C        D        E       F      G
               +--------+--------+--------+--------+--------+-----+--------+
         Total |  10302 |  10099 |    203 |   1273 |   7725 |  11 |  936.5 |
       Dungeon |  10265 |  10085 |    180 |   1273 |   7718 |  10 | 1026.5 |
        Temple |     37 |     14 |     23 |      0 |      7 |   1 |   37.0 |
               +--------+--------+--------+--------+--------+-----+--------+

Top non-repeatable levels by time:
     D:6: 1595 daAuts
     D:2: 1351 daAuts
     D:8: 1286 daAuts
     D:5: 1224 daAuts
     D:3: 1172 daAuts
     D:9: 1020 daAuts
     D:4: 765 daAuts
     D:1: 673 daAuts
    D:10: 651 daAuts
     D:7: 523 daAuts
  Temple: 37 daAuts
